Map: Pillars of Gold LE

Players

LiquidClem (Clem)

  • Race: Terran Terran
  • League: Grandmaster
  • Spawn Location: 1:00

Geralt (Gerald) - Winner!

  • Race: Protoss Protoss
  • League: Grandmaster
  • Spawn Location: 7:00

Event: DreamHack SC2 Masters 2020 Fall

VOD

Have the link to the VOD?

Description

Time

  • Played on: Sept. 3, 2020, 3:24 p.m.
  • Length: 18:21

All games in this series

Show
View Real Time Build Order
Export as new Build Order

LiquidClem Terran 

Build Orders:  

Get SALT Encoding   

  12  0:00  SCV  
  13  0:12  SCV  
  14  0:17  Supply Depot  
  14  0:24  SCV  
  15  0:39  SCV  
  15  0:40  Barracks  
  16  0:45  Refinery  
  16  0:51  SCV  
  17  1:03  SCV  
  18  1:15  SCV  
  19  1:27  Orbital Command  
  19  1:28  Marine  
  20  1:44  Command Center  
  20  1:48  Barracks Reactor  
  20  1:54  SCV  
  21  2:00  Supply Depot  
  21  2:06  SCV  
  22  2:12  Factory  
  22  2:18  SCV  
  22  2:20  Refinery  
  23  2:24  Marine  
  23  2:27  Marine  
  25  2:30  SCV  
  25  2:36  Bunker  
  26  2:42  SCV  
  26  2:43  Marine  
  28  2:45  Marine  
  29  2:55  SCV  
  29  2:57  Orbital Command  
  30  3:10  SCV  
  30  3:11  Starport  
  31  3:16  Hellion  
  33  3:21  Hellion  
  33  3:23  SCV  
  33  3:26  SCV  
  37  3:28  Barracks Tech Lab  
  37  3:37  SCV  
  37  3:38  SCV, Supply Depot  
  39  3:49  SCV  
  39  3:50  SCV  
  39  3:52  Factory Tech Lab  
  39  3:53  Raven  
  43  3:58  Marine x2  
  43  4:01  SCV  
  46  4:03  Supply Depot  
  46  4:08  SCV, Barracks  
  47  4:11  Barracks  
  47  4:13  SCV  
  47  4:16  Siege Tank  
  51  4:20  Marine x2  
  51  4:21  SCV  
  54  4:25  Supply Depot  
  54  4:27  SCV  
  53  4:33  SCV  
  53  4:34  Engineering Bay  
  53  4:35  Refinery  
  53  4:38  Marine x2  
  54  4:41  SCV  
  54  4:45  SCV  
  58  4:53  SCV, Supply Depot  
  58  4:55  Factory Reactor  
  58  4:56  Marine x2  
  58  4:57  SCV  
  62  5:00  Terran Infantry Weapons Level 1  
  62  5:02  Refinery  
  62  5:04  Marauder  
  62  5:05  SCV  
  62  5:06  Marauder  
  67  5:08  Stimpack  
  67  5:12  SCV  
  67  5:13  Combat Shield  
  68  5:17  Marine x2  
  68  5:19  Supply Depot  
  70  5:22  SCV  
  70  5:25  Starport Reactor  
  70  5:26  Marauder  
  73  5:29  Marauder  
  73  5:31  SCV  
  73  5:34  Supply Depot  
  73  5:35  SCV  
  77  5:38  Marine  
  77  5:41  Widow Mine x2  
  82  5:43  Supply Depot  
  82  5:45  Marine  
  82  5:48  Supply Depot  
  82  5:49  Marauder  
  85  5:55  Marauder  
  87  5:57  Supply Depot  
  87  5:59  Marine  
  87  6:02  Marine  
  89  6:06  Widow Mine x2  
  89  6:09  Medivac  
  89  6:10  Medivac  
  89  6:11  Marauder  
  97  6:19  Marine  
  97  6:24  Command Center  
  100  6:28  Supply Depot  
  100  6:32  Marauder  
  102  6:39  Barracks Tech Lab  
  98  6:42  Command Center  
  98  6:43  SCV  
  99  6:48  Widow Mine  
  99  6:49  Widow Mine  
  99  6:51  Marine x2  
  99  6:54  Marauder  
  106  6:56  Medivac  
  106  6:57  Medivac  
  107  7:05  Terran Infantry Armor Level 1  
  107  7:06  Supply Depot  
  107  7:07  Marauder  
  107  7:08  Concussive Shells  
  108  7:09  SCV  
  108  7:11  Marine  
  108  7:12  Marine  
  108  7:15  Marauder  
  113  7:17  Widow Mine x2  
  117  7:23  Barracks  
  110  7:30  Barracks  
  110  7:31  Marauder  
  110  7:33  Medivac  
  110  7:34  Marine  
  104  7:37  Medivac  
  104  7:40  Marine  
  104  7:43  Marauder  
  109  7:46  SCV  
  109  7:47  SCV  
  109  7:49  Widow Mine  
  109  7:50  Widow Mine  
  115  7:56  Supply Depot  
  115  7:59  Marine x2  
  115  8:01  SCV, Marauder  
  119  8:08  Marauder  
  119  8:12  Medivac  
  121  8:13  SCV  
  121  8:16  Widow Mine  
  121  8:19  Widow Mine  
  126  8:22  Barracks Reactor, Marauder, Barracks Tech Lab  
  126  8:23  Orbital Command  
  126  8:24  Marine x2  
  126  8:25  SCV x2  
  132  8:29  Medivac  
  132  8:33  Marauder  
  136  8:37  SCV  
  136  8:38  SCV  
  136  8:40  Marauder  
  139  8:42  Marine x2  
  139  8:43  Ghost Academy  
  139  8:45  Widow Mine x2  
  145  8:49  SCV, Marauder  
  145  8:50  Supply Depot  
  145  8:54  Liberator  
  149  8:57  Marauder  
  149  9:00  Marine x2  
  149  9:02  Marauder  
  154  9:06  Medivac  
  154  9:07  Marine  
  153  9:11  Widow Mine  
  153  9:15  SCV x2  
  153  9:16  Marauder  
  148  9:17  SCV  
  148  9:22  Marine x2  
  149  9:27  SCV x2, Widow Mine  
  149  9:29  SCV, Marine x2  
  155  9:33  Ghost  
  155  9:35  Ghost  
  140  9:39  SCV x2  
  140  9:41  SCV  
  140  9:43  Widow Mine  
  140  9:46  Marauder  
  136  9:54  SCV  
  136  9:55  SCV  
  136  9:59  Widow Mine  
  134  10:02  Marauder  
  134  10:04  Marauder  
  134  10:05  SCV  
  134  10:06  SCV  
  140  10:08  Marauder  
  140  10:10  Marine x2  
  140  10:11  Marine x2  
  140  10:13  SCV  
  147  10:17  SCV  
  147  10:18  Widow Mine  
  147  10:19  SCV  
  151  10:23  Supply Depot  
  151  10:24  Viking x2  
  151  10:25  SCV  
  151  10:27  Marine  
  157  10:33  Supply Depot  
  157  10:39  Marine x3  
  157  10:40  Refinery  
  157  10:45  SCV x2, Marauder  
  161  10:52  Command Center  
  161  10:54  Marine  
  161  10:55  Ghost  
  162  11:04  Marine x2, Liberator x2  
  159  11:08  Marine  
  159  11:10  Marauder  
  163  11:16  Supply Depot x2  
  163  11:17  Marauder  
  158  11:20  SCV x2  
  158  11:22  SCV  
  155  11:26  Marauder  
  151  11:32  SCV  
  151  11:33  SCV  
  151  11:35  Marauder, Marine  
  151  11:37  SCV  
  151  11:39  Marine  
  154  11:42  Marine  
  154  11:45  SCV  
  154  11:46  SCV  
  154  11:47  Marauder  
  154  11:51  Supply Depot  
  154  11:53  Marine  
  155  11:55  SCV  
  155  11:57  SCV  
  155  11:58  Marauder  
  155  11:59  Marine x2  
  161  12:04  Marauder  
  161  12:07  Ghost  
  162  12:11  Marine x2  
  162  12:20  Marauder  
  162  12:21  SCV x3  
  167  12:24  Marine x2  
  167  12:25  Marauder  
  167  12:28  Armory, Engineering Bay  
  171  12:33  SCV, Marine x2  
  176  12:37  Marauder  
  176  12:41  Marauder  
  176  12:44  Widow Mine  
  178  12:48  Liberator  
  178  12:49  Marauder  
  183  12:55  Marine  
  184  12:58  Marauder  
  184  13:01  Planetary Fortress  
  184  13:02  Ghost  
  184  13:05  SCV x2  
  182  13:09  Widow Mine  
  182  13:11  Marauder  
  182  13:12  Medivac  
  179  13:20  Marauder  
  179  13:26  Marine x4  
  174  13:27  SCV x2, Widow Mine  
  174  13:28  SCV  
  174  13:31  Medivac, Missile Turret, Marauder  
  181  13:34  Missile Turret  
  182  13:44  Marauder x2  
  182  13:45  SCV  
  182  13:46  SCV  
  188  13:49  Terran Infantry Weapons Level 2  
  188  13:52  Marauder  
  188  13:53  Terran Infantry Armor Level 2  
  183  13:59  Marine  
  183  14:00  Marine x2  
  186  14:05  Marauder  
  186  14:07  Widow Mine x2  
  186  14:11  Ghost  
  188  14:20  Medivac  
  188  14:22  Marauder  
  176  14:27  Marauder  
  176  14:28  Medivac  
  176  14:31  Marine x2  
  160  14:39  Command Center  
  160  14:40  Marauder  
  160  14:43  Marauder, Marine  
  161  14:48  Marauder, Marine  
  161  14:50  Medivac  
  166  14:54  Refinery  
  166  14:55  Sensor Tower  
  166  14:56  Refinery  
  166  14:57  Marine  
  166  14:58  Refinery  
  166  14:59  Medivac, Marine  
  169  15:01  Ghost  
  169  15:06  Marine x2  
  174  15:07  Barracks x2  
  174  15:09  Marauder  
  174  15:10  Factory Tech Lab  
  176  15:16  Marine x2  
  176  15:20  Marine  
  177  15:24  Marauder  
  177  15:25  Medivac, Starport  
  181  15:30  Marauder  
  181  15:31  Marauder  
  181  15:33  Marine  
  186  15:37  Marine  
  186  15:38  Marine  
  188  15:46  Command Center, Marauder  
  188  15:47  Marine  
  172  15:51  Marauder, Marine  
  172  15:52  Marauder  
  177  16:00  Marine x2  
  179  16:07  Marauder, Sensor Tower  
  181  16:13  Marauder x2  
  173  16:20  Marine  
  173  16:23  Medivac  
  172  16:28  Medivac, Marauder  
  172  16:32  Medivac  
  176  16:33  Marine x2  
  176  16:34  Marauder  
  176  16:35  Marauder  
  176  16:38  Marine  
  175  16:46  SCV  
  166  16:48  SCV  
  166  16:50  Marauder  
  166  16:53  SCV, Medivac  
  164  16:55  Marauder  
  164  16:56  Marauder  
  161  17:08  Marine x2  
  139  17:09  Marine  
  139  17:10  Marine  
  139  17:11  Marauder  
  139  17:14  Marine  
  139  17:15  Marine x2  
  137  17:16  Medivac  
  137  17:17  Marauder  
  137  17:18  Marauder  
  133  17:26  Marine x2  
  133  17:29  Marine x2  
  136  17:30  Liberator  
  136  17:31  Viking  
  136  17:33  Marauder  
  139  17:38  Ghost, Marauder  
  139  17:39  Marine x2  
  143  17:51  Barracks Tech Lab  
  132  17:55  Marine  
  124  18:02  Marine x2  
Show
View Real Time Build Order
Export as new Build Order

Geralt Protoss - Winner!

Build Orders: 1 Gate Expand, Blink Stalkers 

Get SALT Encoding   

  12  0:00  Probe  
  13  0:12  Probe  
  14  0:17  Pylon  
  14  0:24  Probe (Chrono Boost)  
  15  0:36  Probe (Chrono Boost)  
  15  0:38  Gateway  
  16  0:44  Probe (Chrono Boost)  
  16  0:47  Assimilator  
  17  0:51  Probe  
  18  1:03  Probe  
  19  1:15  Probe  
  20  1:25  Cybernetics Core  
  20  1:27  Probe  
  21  1:38  Nexus  
  21  1:42  Probe  
  22  1:50  Pylon  
  22  1:55  Assimilator  
  22  1:56  Probe  
  23  2:06  Adept (Chrono Boost)  
  23  2:08  Warp Gate  
  23  2:12  Probe  
  26  2:24  Probe  
  26  2:26  Adept (Chrono Boost)  
  29  2:36  Probe  
  29  2:41  Twilight Council  
  29  2:48  Probe  
  29  2:50  Probe  
  33  3:00  Probe  
  33  3:02  Probe  
  35  3:09  Blink (Chrono Boost)  
  35  3:12  Probe  
  34  3:14  Probe, Pylon  
  34  3:16  Stalker  
  35  3:24  Probe  
  36  3:29  Probe  
  37  3:34  Gateway  
  37  3:35  Gateway  
  37  3:36  Probe  
  37  3:41  Probe  
  39  3:48  Probe  
  39  3:52  Robotics Facility  
  39  3:53  Probe  
  41  4:00  Probe  
  41  4:02  Stalker  
  42  4:05  Probe  
  43  4:13  Probe  
  44  4:17  Probe  
  44  4:23  Nexus  
  45  4:25  Probe  
  45  4:28  Stalker  
  45  4:29  Probe  
  49  4:31  Assimilator  
  49  4:33  Pylon  
  49  4:37  Probe  
  49  4:38  Stalker  
  52  4:39  Stalker  
  54  4:47  Pylon  
  54  4:51  Observer (Chrono Boost)  
  54  4:52  Probe  
  56  4:53  Stalker  
  56  4:55  Probe  
  56  4:58  Charge (Chrono Boost)  
  59  5:06  Forge  
  60  5:09  Gateway  
  60  5:10  Gateway  
  60  5:11  Probe  
  60  5:12  Probe  
  61  5:15  Observer  
  61  5:21  Stalker x2  
  64  5:24  Stalker  
  64  5:27  Probe  
  69  5:30  Probe, Observer  
  70  5:39  Probe  
  70  5:40  Observer  
  70  5:42  Probe, Protoss Ground Armor Level 1 (Chrono Boost)  
  73  5:43  Probe  
  73  5:46  Pylon  
  74  5:53  Stalker  
  74  5:55  Probe, Observer  
  76  6:01  Probe  
  76  6:02  Probe  
  76  6:07  Probe  
  76  6:10  Immortal  
  81  6:11  Shield Battery  
  81  6:13  Probe  
  81  6:14  Probe  
  81  6:18  Zealot x5  
  93  6:21  Pylon  
  93  6:23  Pylon  
  93  6:38  Probe  
  93  6:39  Probe  
  94  6:43  Gateway  
  94  6:44  Gateway  
  94  6:45  Templar Archives  
  94  6:46  Gateway  
  94  6:49  Zealot x2  
  94  6:50  Zealot x3  
  104  6:57  Probe  
  104  7:01  Assimilator  
  99  7:05  Assimilator  
  99  7:06  Probe  
  100  7:11  Warp Prism  
  100  7:13  Probe  
  100  7:14  Pylon  
  103  7:16  Pylon  
  103  7:18  Zealot x3  
  109  7:25  Observer  
  109  7:27  Probe, Psionic Storm  
  109  7:28  Zealot x2  
  97  7:37  Probe, Protoss Ground Weapons Level 1 (Chrono Boost)  
  97  7:40  Probe  
  97  7:43  High Templar x2  
  102  7:47  Warp Prism  
  102  7:50  High Templar  
  106  7:51  Zealot  
  106  7:52  Zealot x4  
  116  7:59  Photon Cannon  
  116  8:00  Observer  
  116  8:13  Zealot x4  
  116  8:15  Probe x2  
  116  8:16  Photon Cannon  
  116  8:19  Stalker x3  
  123  8:43  Stalker  
  123  8:47  Pylon  
  125  8:49  Pylon  
  123  8:58  Zealot x3  
  125  9:05  Immortal (Chrono Boost)  
  125  9:07  Zealot x5  
  129  9:19  Probe  
  120  9:26  Zealot x3  
  120  9:27  Zealot x5  
  120  9:38  Probe  
  120  9:40  Probe  
  120  9:42  Robotics Bay  
  120  9:44  Robotics Facility  
  118  9:47  Zealot x7  
  118  9:49  Probe  
  118  9:50  Probe  
  122  9:57  Protoss Ground Weapons Level 2 (Chrono Boost)  
  118  10:01  High Templar  
  118  10:03  Probe  
  119  10:07  High Templar x3  
  119  10:08  High Templar x3  
  131  10:24  Nexus, Assimilator  
  131  10:25  Pylon  
  131  10:27  Archon x2  
  131  10:28  Disruptor x2 (Chrono Boost)  
  137  10:42  Zealot x2  
  141  10:47  Zealot x4  
  141  11:08  Disruptor (Chrono Boost)  
  140  11:12  Disruptor (Chrono Boost)  
  140  11:16  Pylon  
  140  11:18  Pylon  
  141  11:19  Pylon  
  141  11:28  Probe  
  141  11:31  Nexus  
  140  11:35  Disruptor (Chrono Boost)  
  140  11:39  Disruptor (Chrono Boost)  
  129  11:41  Pylon  
  129  11:46  Zealot x8  
  148  11:51  Extended Thermal Lance  
  140  12:03  Disruptor (Chrono Boost)  
  139  12:14  Disruptor (Chrono Boost)  
  139  12:15  Zealot x4  
  143  12:16  Protoss Ground Armor Level 2  
  143  12:17  Nexus  
  140  12:35  Photon Cannon  
  140  12:36  Shield Battery  
  146  12:41  Pylon  
  146  12:42  Zealot x6  
  151  12:56  Colossus (Chrono Boost)  
  127  13:06  Probe  
  127  13:12  Zealot  
  127  13:13  Zealot x6  
  127  13:14  Probe x2  
  137  13:28  Probe  
  137  13:30  Probe, Robotics Facility  
  137  13:31  Robotics Facility, Observer  
  140  13:40  Probe  
  140  13:41  Stalker x6, Colossus  
  152  14:12  Stalker x3  
  143  14:28  Archon  
  135  14:33  Colossus, Disruptor  
  135  14:35  Stalker x5  
  148  14:40  Probe x2  
  148  14:43  Photon Cannon  
  148  14:51  Warp Prism  
  149  14:55  Stalker  
  151  15:01  Zealot x3  
  151  15:02  Zealot x2  
  151  15:03  Protoss Ground Armor Level 3  
  161  15:18  Assimilator  
  151  15:22  Assimilator  
  151  15:24  Zealot x2  
  151  15:25  Zealot x3  
  161  15:30  High Templar  
  161  15:31  Disruptor x2  
  168  15:53  Disruptor  
  167  16:06  Disruptor  
  167  16:09  Zealot x6  
  182  16:13  Gateway x2  
  182  16:14  Disruptor  
  181  16:29  Disruptor  
  181  16:30  Zealot x5  
  181  16:31  Zealot  
  166  16:57  Nexus  
  148  17:09  Stalker x8  
  153  17:18  Disruptor x2  
  159  17:29  Pylon  
  159  17:32  Assimilator  
  159  17:33  Probe, Disruptor  
  161  17:37  Zealot  
  161  17:40  Assimilator  
  162  18:00  Zealot  
  162  18:01  Zealot x7  

Tags
 
Add a new tag
Caveats
  • Supply blocks, unpowered buildings, or Contaminate may cause inaccurate times.
  • Supply counts are checked every 10 seconds.